 Dungeon Crawl Stone Soup version 0.29.0-11-gd7f09526c8 (webtiles) character file.

Game seed: 10600309363080869065

65 browni3141 the Sneak (level 4, -2/36 HPs)
             Began as a Ghoul Enchanter on Sept 5, 2022.
             Slain by a shadow imp (5 damage)
             ... summoned by Natasha
             ... on level 2 of the Dungeon.
             The game lasted 00:05:58 (2098 turns).

browni3141 the Sneak (Ghoul Enchanter)              Turns: 2098, Time: 00:05:59

Health: -2/36      AC:  3    Str: 13    XL:     4   Next: 14%
Magic:  5/5        EV: 12    Int: 10    God:
Gold:   98         SH:  0    Dex:  9    Spells: 1/6 levels left

rFire   . . .      SeeInvis .     - Unarmed
rCold   + . .      Faith    .   (no shield)
rNeg    + + +      Spirit   .   b - +0 robe
rPois   ∞          Reflect  .   (no helmet)
rElec   .          Harm     .   (no cloak)
rCorr   .          Rampage  .   (no gloves)
Will    .....                   i - +0 pair of boots
Stlth   ++........              (no amulet)
HPRegen 0.00/turn               (no ring)
MPRegen 0.09/turn               (no ring)

@: inhibited regen, slowed, very slow
A: claws 1, cold resistance 1, negative energy resistance 3, inhibited
regeneration, torment resistance 2, devour on kill
a: no special abilities


You were on level 2 of the Dungeon.
You visited 1 branch of the dungeon, and saw 2 of its levels.

You collected 98 gold pieces.


Innate Abilities, Weirdness & Mutations

You are immune to poison.
You have sharp fingernails.
Your flesh is cold resistant. (rC+)
You are immune to negative energy. (rN+++)
You do not regenerate when monsters are visible.
You are immune to unholy pain and torment.
You thrive by killing the living.


   Skills:
 - Level 2.0 Fighting
 - Level 1.0 Short Blades
 - Level 1.7 Dodging
 - Level 3.2 Stealth
 - Level 3.2 Unarmed Combat
 - Level 1.7 Spellcasting
 * Level 2.4 Hexes


You had one spell level left.
You knew the following spells:

 Your Spells              Type           Power      Damage    Failure   Level
o - Confusing Touch       Hex            5%         N/A       34%         3
z - Ensorcelled Hibernat  Hex/Ice        6%         N/A       30%         2

Your spell library contained the following spells:

 Spells                   Type           Power      Damage    Failure   Level
 Tukima's Dance           Hex            5%         N/A       34%         3
 Dazzling Flash           Conj/Hex       6%         N/A       52%         3

Inventory:

Hand Weapons
 a - a +1 dagger
Armour
 b - a +0 robe (worn)
 i - a +0 pair of boots (worn)
 l - a +0 ring mail
Magical Staves
 k - a staff of air
Scrolls
 f - a scroll of teleportation {unknown}
 h - 2 scrolls of enchant armour {unknown}
 j - 2 scrolls of immolation {unknown}
 m - 2 scrolls of fog {unknown}
Potions
 c - 2 potions of invisibility
 d - 3 potions of curing {unknown}
 e - a potion of might {unknown}

Dungeon Overview and Level Annotations

Branches:
Dungeon (2/15)

Altars:

Annotations:
D:1 exclusion: gnoll
D:2 exclusion: kobold, Natasha

#.......<#### # ##...PP.....#####
######## ##### ##...P.P...#.##...
..)....###...###.....####......##
######.............(..#.).#.####
# #####...#.#...(..#..#...# #
##.##.##...#...##...# #
#.##.###.#######...# #
########.....@5.# #...# #
#........#..##h.#### #...####
♣♣♣♣♣♣♣..)..#..#......####...##.#
.........>[.#......#...5.......#.
♣♣♣♣♣♣♣.....#.##..............###
...#........#.##...#..........†#.
##.#>..............##.####...##..
##.#.......#####.§....# ##...###.
...######### ##.##### #.<...##.


You could see Natasha, a crimson imp (summoned) and a shadow imp (summoned).


Message History

The crimson imp hits you.
* * * LOW HITPOINT WARNING * * *
Unknown command.
The shadow imp attacks as you move away!
The shadow imp closely misses you.
The crimson imp attacks as you move away!
The crimson imp closely misses you. Natasha barely misses you.
The crimson imp disappears for a moment.
The crimson imp blinks!
Natasha zaps a wand.
The crimson imp blinks!
Natasha attacks as you move away! Natasha claws you.
* * * LOW HITPOINT WARNING * * *
The crimson imp blinks!
Natasha barely misses you.
Unknown command.
You claw Natasha!
Natasha is almost dead.
The crimson imp blinks!
Natasha zaps a wand.
The shadow imp hits you.
* * * LOW HITPOINT WARNING * * *
Unknown command.
You barely miss Natasha.
Natasha is almost dead.
Natasha claws you.
* * * LOW HITPOINT WARNING * * *
The shadow imp hits you but does no damage.
Unknown command.
You barely miss Natasha.
Natasha is almost dead.
Natasha casts a spell at you.
You feel as though you will be slow longer.
The shadow imp hits you.
You die...

Skill      XL: |  1  2  3 |
---------------+----------+-----
Fighting       | 1 2 |  2.0
Short Blades   | 1 |  1.0
Unarmed Combat | 1 2 3 |  3.2
Dodging        | |  1.7
Stealth        | |  3.2
Spellcasting   | |  1.7
Hexes          | |  2.4

Action                   |  1- 3 |  4- 6 || total
-------------------------+-------+-------++-------
Melee: Dagger            |    68 |       ||    68
       Punch             |     3 |     1 ||     4
       Unarmed           |    57 |    13 ||    70
Throw: Throwing net      |     3 |     2 ||     5
       Dart              |     5 |     5 ||    10
 Stab: Sleeping          |     6 |       ||     6
       Distracted        |     1 |       ||     1
Armor: Robe              |    32 |     4 ||    36
Dodge: Dodged            |    72 |    15 ||    87

Levels and vault maps discovered:
D:1:      dpeg_arrival_rooms_a, layout_loops_ring,
          hellmonk_ecumenical_altar_slurped_away
D:2:      layout_loops_cross, serial_forest, infiniplex_forest_clump_tiny,
          infiniplex_forest_lined_4_way, infiniplex_forest_lined_3,
          infiniplex_forest_lined_corner, infiniplex_forest_lined_2,
          infiniplex_forest_straight_3, infiniplex_forest_straight_4,
          infiniplex_forest_end_2, infiniplex_forest_lined_2,
          chequers_mini_garden, uniq_natasha

Notes
Turn   | Place    | Note
-------+----------+-------------------------------------------
     0 | D:1      | browni3141 the Ghoul Enchanter began the quest for the Orb.
     0 | D:1      | Reached XP level 1. HP: 14/14 MP: 2/2
   120 | D:1      | Reached skill level 1 in Fighting
   223 | D:1      | Reached skill level 1 in Short Blades
   287 | D:1      | Found a faded altar of an unknown god.
   295 | D:1      | Reached skill level 1 in Unarmed Combat
   295 | D:1      | Reached XP level 2. HP: 21/23 MP: 3/3
   361 | D:1      | HP: 2/23 [quokka (3)]
  1196 | D:2      | Reached skill level 2 in Unarmed Combat
  1355 | D:2      | Reached XP level 3. HP: 26/28 MP: 4/4
  1431 | D:2      | Learned a level 2 spell: Ensorcelled Hibernation
  1435 | D:2      | Learned a level 3 spell: Confusing Touch
  1916 | D:2      | Noticed Natasha
  1929 | D:2      | Killed Natasha
  1930 | D:2      | Reached skill level 2 in Fighting
  1930 | D:2      | Reached skill level 3 in Unarmed Combat
  1930 | D:2      | Reached XP level 4. HP: 22/36 MP: 5/5
  2076 | D:2      | Noticed Natasha
  2097 | D:2      | HP: 3/36 [Natasha (5)]
  2098 | D:2      | Slain by a shadow imp

Vanquished Creatures
  Natasha (D:2)
  A dart slug (D:1)
  3 ball pythons
  4 bats (D:2)
  3 endoplasms
  A giant cockroach (D:1)
  2 goblins (D:2)
  3 hobgoblins (D:2)
  6 kobolds
  2 quokkas
  5 frilled lizards
  4 rats
35 creatures vanquished.

Vanquished Creatures (others)
  A plant (D:2)
1 creature vanquished.

Grand Total: 36 creatures vanquished

Table legend: (Time is in decaauts)
 A = Elapsed time spent in this place.
 B = Non-inter-level travel time spent in this place.
 C = Inter-level travel time spent in this place.
 D = Time resting spent in this place.
 E = Time spent auto-exploring this place.
 F = Levels seen in this place.
 G = Mean time per level.
                   A        B        C        D        E       F      G
               +--------+--------+--------+--------+--------+-----+--------+
         Total |   2101 |   2041 |     60 |      4 |   1651 |   2 | 1050.5 |
       Dungeon |   2101 |   2041 |     60 |      4 |   1651 |   2 | 1050.5 |
               +--------+--------+--------+--------+--------+-----+--------+

Top non-repeatable levels by time:
     D:1: 1236 daAuts
     D:2: 865 daAuts

Table legend:
 A = Non-vault XP
 B = Vault XP
 C = Vault XP percentage of total XP
 D = Non-vault monster count
 E = Vault monster count
 F = Vault count percentage of total count
                 A         B        C        D         E       F
            +---------+---------+-------+---------+---------+-------
      Total |      56 |      38 |  40.4 |      33 |       2 |   5.7
            +---------+---------+-------+---------+---------+-------
        D:1 |      20 |       2 |   9.1 |      11 |       1 |   8.3
        D:2 |      36 |      36 |  50.0 |      22 |       1 |   4.3
            +---------+---------+-------+---------+---------+-------
